 Dungeon Crawl Stone Soup version 0.25-a0-341-g6f074c887a (webtiles) character file.

Game seed: 13184476871403558853, levelgen mode: classic

4 EnegeticOcto the Ducker (level 1, -1/14 HPs)
             Began as a Halfling Gladiator on Dec 30, 2019.
             Slain by a jackal (2 damage)
             ... on level 1 of the Dungeon.
             The game lasted 00:00:28 (59 turns).

EnegeticOcto the Ducker (Halfling Gladiator)          Turns: 59, Time: 00:00:29

Health: -1/14      AC:  4    Str: 15    XL:     1   Next: 66%
Magic:  1/1        EV: 15    Int:  6    God:
Gold:   0          SH:  0    Dex: 15    Spells: 0/0 levels left

rFire    . . .     SeeInvis .   a - +0 flail
rCold    . . .     Gourm    .   (shield restricted)
rNeg     . . .     Faith    .   b - +0 leather armour
rPois    .         Spirit   .   c - +0 helmet
rElec    .         Reflect  .   (no cloak)
rCorr    .         Harm     .   (no gloves)
MR       .....                  (no boots)
Stlth    +.........             (no amulet)
HPRegen  0.04/turn              (no ring)
MPRegen  0.07/turn              (no ring)

@: no status effects
A: small, mutation resistance 1
a: no special abilities


You were on level 1 of the Dungeon.
You were not hungry.

You visited 1 branch of the dungeon, and saw 1 of its levels.

Inventory:

Hand Weapons
 a - a +0 flail (weapon)
Missiles
 d - 2 throwing nets (quivered) {!f}
Armour
 b - a +0 leather armour (worn)
 c - a +0 helmet (worn)
Comestibles
 e - a ration


   Skills:
 + Level 1.9 Fighting
 + Level 2.7 Maces & Flails
 - Level 2.0 Throwing
 + Level 0.3 Armour
 + Level 3.3 Dodging


You couldn't memorise any spells.
You didn't know any spells.
Your spell library was empty.

Dungeon Overview and Level Annotations

Branches:
Dungeon (1/15)

Altars:


Innate Abilities, Weirdness & Mutations

You are small and have problems with some larger weapons.
You are somewhat resistant to further mutation.


Message History

The kobold shouts!
You hear a shout!
The kobold throws a stone.
The stone misses you.
Found 12 poisoned darts.
Things that are here:
a stone; a frilled lizard corpse A kobold is nearby!
A kobold is nearby!
A hobgoblin comes into view. It is wielding a +0 club.
The hobgoblin shouts!
You hear a bark!
The kobold throws a stone.
The stone hits you but does no damage.
A jackal comes into view.
You see here a stone. 2 jackals come into view.
The jackal barks!
A bat comes into view.
The kobold throws a stone.
The stone closely misses you.
A jackal comes into view.
The jackal completely misses you. The hobgoblin completely misses you.
The jackal barks!
You hit the jackal.
The jackal is severely wounded.
The jackal closely misses you. The hobgoblin barely misses you.
The jackal bites you. The jackal barely misses you.
The jackal closely misses you. The bat completely misses you.
The bat misses you. The jackal closely misses you.
The jackal completely misses you.
Found a scroll labeled DIR BIEPLAYCH.
The bat completely misses you. The bat closely misses you.
The bat closely misses you. The jackal completely misses you.
The jackal closely misses you. The bat barely misses you.
The jackal misses you. The bat hits you but does no damage.
The bat barely misses you. The bat closely misses you. The jackal bites you.
The bat closely misses you. The jackal barely misses you.
The bat barely misses you.
You sock the bat!
You kill the bat!
You hit the jackal.
The jackal is lightly wounded.
The jackal bites you.
You barely miss the jackal.
The jackal is lightly wounded.
The jackal closely misses you. The jackal completely misses you.
You closely miss the jackal.
The jackal is lightly wounded.
The jackal barely misses you.
You closely miss the jackal.
The jackal is lightly wounded.
The jackal bites you. x2
You are too injured to fight recklessly!
You are too injured to fight recklessly!
You are too injured to fight recklessly!
You are too injured to fight recklessly!
You closely miss the jackal.
The jackal is lightly wounded.
The jackal bites you. The jackal closely misses you.
You sock the jackal!
You kill the jackal!
The jackal closely misses you.
You sock the jackal!
You kill the jackal!
A rat and a hobgoblin come into view.
The hobgoblin shouts!
The jackal barely misses you.
A dart slug comes into view.
Found a stone staircase leading down.
You aren't carrying any scrolls.
You aren't carrying any potions.
Unknown command.
You barely miss the jackal.
The jackal is moderately wounded.
The jackal bites you.
* * * LOW HITPOINT WARNING * * *
The jackal misses you.
Throwing (i - inventory)
d - 3 throwing nets (quivered)
{!f}
Press: ? - help, Shift-Dir - straight line, f - jackal
Aim: a jackal (moderately wounded) Really fire
d - 3 throwing nets {!f}?
You throw a throwing net {!f}.
The throwing net {!f} closely misses the jackal.
The jackal bites you.
* * * LOW HITPOINT WARNING * * *
You hit the jackal.
The jackal is severely wounded.
The jackal bites you but does no damage.
The hobgoblin completely misses you.
The jackal bites you but does no damage.
You hit the jackal.
The jackal is almost dead.
The jackal misses you. The hobgoblin misses you.
You hit the jackal but do no damage.
The jackal is almost dead.
The jackal barely misses you. The rat barely misses you.
The hobgoblin misses you. The jackal misses you.
You closely miss the jackal.
The jackal is almost dead.
The jackal bites you.
You die...

##P.♣...♣...P..##
....>.. #..P.P.....#.##
....... #.#####.####.###
....... ...............
....... #..............
....w.. #..............
....... #?.............
......g###..............
......r@hKg.............
...#######h.............
#........(.(...
#..^......(...#
#######.......#
#.......# #.......#
#.......# ...........


You could see a dart slug, 2 jackals, 2 hobgoblins, a kobold and a rat.

Vanquished Creatures
  2 jackals (D:1)
  A bat (D:1)
  A frilled lizard (D:1)
4 creatures vanquished.

Notes
Turn   | Place    | Note
-------+----------+-------------------------------------------
     0 | D:1      | EnegeticOcto the Halfling Gladiator began the quest for the
                  | Orb.
     0 | D:1      | Reached XP level 1. HP: 14/14 MP: 1/1
    59 | D:1      | Slain by a jackal

Levels and vault maps discovered:
D:1:      wander_arrival_fairy_ring, layout_basic, minmay_cupped

Action                   || total
-------------------------++-------
Melee: Flail             ||    17
Throw: Throwing net      ||     1
Armor: Leather armour    ||     4
Dodge: Dodged            ||    40

Table legend:
 A = Non-vault XP
 B = Vault XP
 C = Vault XP percentage of total XP
 D = Non-vault monster count
 E = Vault monster count
 F = Vault count percentage of total count
                 A         B        C        D         E       F
            +---------+---------+-------+---------+---------+-------
      Total |       6 |       0 |   0.0 |       4 |       0 |   0.0
            +---------+---------+-------+---------+---------+-------
        D:1 |       6 |       0 |   0.0 |       4 |       0 |   0.0
            +---------+---------+-------+---------+---------+-------
